 Dungeon Crawl Stone Soup version 0.31-a0-424-g41b3b0883d (webtiles) character file.

Game seed: 17381376655369304740

549 Conn the Sneak (level 7, -5/42 HPs)
             Began as an Octopode Fire Elementalist on July 30, 2023.
             Killed from afar by a white imp (10 damage)
             ... with a puff of frost
             ... on level 4 of the Dungeon.
             The game lasted 00:08:26 (3385 turns).

Conn the Sneak (Octopode Fire Elementalist)         Turns: 3385, Time: 00:08:26

Health: -5/42      AC:  1    Str:  7    XL:     7   Next: 28%
Magic:  1/12       EV: 13    Int: 19    God:
Gold:   163        SH:  5    Dex: 19    Spells: 3/12 levels left

rFire   + . .        g - +1 short sword (venom)
rCold   . . .        (no shield)
rNeg    . . .        (helmet restricted)
rPois   .            b - amulet of reflection
rElec   .            c - +6 ring of dexterity
rCorr   .            u - ring of protection from fire
SInv    .            (no ring)
Will    .....        (no ring)
Stlth   ++++         (no ring)
HPRegen 0.27/turn    (no ring)
MPRegen 0.13/turn    (no ring)
                     (no ring)

%: reflection
@: no status effects
A: almost no armour, amphibious, 8 rings, camouflage 1, gelatinous body 1,
(nimble swimmer 1), tentacles
a: no special abilities


You were on level 4 of the Dungeon.
You visited 1 branch of the dungeon, and saw 4 of its levels.

You collected 163 gold pieces.

Inventory:

Hand Weapons
 g - a +1 short sword of venom (weapon)
Missiles
 i - 8 poisoned darts
 t - a throwing net
Jewellery
 b - an amulet of reflection (around mantle)
 c - a +6 ring of dexterity (left tentacle)
 u - a ring of protection from fire (right tentacle)
Talismans
 d - a storm talisman
Wands
 l - a wand of roots (12)
 o - a wand of mindburst (7)
Scrolls
 e - 2 scrolls of amnesia {unknown}
 f - 2 scrolls of enchant armour {unknown}
 j - a scroll of identify {unknown}
 k - a scroll of vulnerability {unknown}
 n - 2 scrolls of enchant weapon {unknown}
 p - a scroll of acquirement {unknown}
 q - 2 scrolls of teleportation {unknown}
 r - a scroll of torment {unknown}
Potions
 a - a potion of magic
 h - a potion of resistance {unknown}
 m - a potion of curing {unknown}
 s - a potion of lignification {unknown}


   Skills:
 + Level 0.6 Fighting
 + Level 2.2 Short Blades
 + Level 2.1 Dodging
 + Level 5.0 Stealth
 + Level 0.1 Shields
 * Level 3.3 Spellcasting
 * Level 3.3 Conjurations
 + Level 0.1 Hexes
 + Level 4.0 Fire Magic
 * Level 2.3 Shapeshifting


You had 3 spell levels left.
You knew the following spells:

 Your Spells              Type           Power      Damage    Failure   Level
a - Foxfire               Conj/Fire      68%        2x1d7     3%          1
b - Scorch                Fire           36%        2d6       4%          2
c - Inner Flame           Hex/Fire       11%        N/A       19%         3
d - Stone Arrow           Conj/Erth      18%        3d8       22%         3

Your spell library contained the following spells:

 Spells                   Type           Power      Damage    Failure   Level
 Sandblast                Erth           6%         2d5       14%         1
 Volatile Blastmotes      Fire/Tloc      20%        2d11      19%         3
 Passwall                 Tmut/Erth      2%         N/A       22%         2
 Flame Wave               Conj/Fire      17%        2d7       32%         4


Dungeon Overview and Level Annotations

Branches:
Dungeon (4/15)
 Temple: D:4-7

Altars:
Fedhas

Shops:
D:2 *

Annotations:
D:4 2 transporters, MacCMillion's ghost, amateur OpSh


Innate Abilities, Weirdness & Mutations

You cannot wear most types of armour.
You are amphibious.
You can wear up to eight rings at the same time.
Your skin changes colour to match your surroundings (Stealth+).
Your rubbery body absorbs attacks. (AC +1, EV +1)
((You are camouflaged when in or above water. (Stealth+)))
You have tentacles for arms and can constrict up to eight enemies at once.


Message History

A white imp comes into view.
Casting: Scorch (safe; 4% risk of failure)
Confirm with . or Enter, or press ? or * to list all spells.
Flames lash the black bear.
The black bear is lightly wounded.
The black bear's fire resistance burns away.
The white imp shouts!
The black bear bites you! The black bear claws you.
You block the black bear's attack.
Casting: Scorch (safe; 4% risk of failure)
Confirm with . or Enter, or press ? or * to list all spells.
The spell is quite dangerous to miscast (22% risk of failure)!
Continue anyway?
Okay, then.
Unknown command.
Casting: Stone Arrow (quite dangerous; 22% risk of failure)
Confirm with . or Enter, or press ? or * to list all spells.
Flames lash the black bear.
The black bear is burned terribly!
The black bear is severely wounded.
The black bear goes berserk!
Unknown command.
Casting: Scorch (safe; 4% risk of failure)
Confirm with . or Enter, or press ? or * to list all spells.
Flames lash the black bear.
The black bear is burned terribly!
The black bear is almost dead.
The black bear barely misses you. The black bear claws you.
You block the black bear's attack. The black bear bites you!
The black bear claws you.
* * * LOW HITPOINT WARNING * * *
The black bear claws you!
* * * LOW HITPOINT WARNING * * *
Casting: Scorch (safe; 4% risk of failure)
Confirm with . or Enter, or press ? or * to list all spells.
Flames lash the endoplasm.
The endoplasm is moderately wounded.
The endoplasm's fire resistance burns away.
You hear a shout!
A goblin comes into view. It is wielding a +0 club.
The white imp gestures at you. The puff of frost hits you!
You die...

..# #.... .... .......#
...#g #..##
.......####.#... ....#
.............#. ....#
####.......5.....
....####................
.........##.#.#........#
....#..#..b........J...#
....##..........@h....#
....##.......©........#
.........#########)...#
.....#..##8..ggW8##...#
..#.....#.......B©#...#
.§#.....#.........#.....
..#.....#.........#...##
........#....©....#..##
........#.........#..#


You could see a black bear (berserk, combustible), MacCMillion's ghost, a gnoll,
a white imp, an endoplasm (combustible), a giant cockroach and 2 goblins.

Vanquished Creatures
  Grinder (D:3)
  A scorpion (D:4)
  An orc priest (D:3)
  Crazy Yiuf (D:3)
  An iguana (D:4)
  A sleepcap (D:4)
  Natasha (twice) (D:3)
  4 adders
  3 gnolls (D:4)
  A worm (D:2)
  2 dart slugs (D:3)
  4 orcs (D:3)
  4 ball pythons
  7 endoplasms
  A giant cockroach (D:1)
  6 goblins
  8 hobgoblins
  2 quokkas
  4 bats
  3 frilled lizards
  3 kobolds
  10 rats
  A butterfly (D:4)
71 creatures vanquished.

Vanquished Creatures (others)
  124 foxfires
124 creatures vanquished.

Grand Total: 195 creatures vanquished

Notes
Turn   | Place    | Note
-------+----------+-------------------------------------------
     0 | D:1      | Conn the Octopode Fire Elementalist began the quest for the
                  | Orb.
     0 | D:1      | Reached XP level 1. HP: 11/11 MP: 3/3
   212 | D:1      | Found a faded altar of an unknown god.
   300 | D:1      | Reached XP level 2. HP: 17/17 MP: 1/5
   993 | D:1      | Reached XP level 3. HP: 21/21 MP: 6/6
  1062 | D:2      | Reached skill level 3 in Stealth
  1197 | D:2      | Found Saucist's General Store.
  1363 | D:2      | You fall into a shaft and drop 2 floors!
  1417 | D:4      | Learned a level 2 spell: Scorch
  1421 | D:4      | Learned a level 3 spell: Inner Flame
  1426 | D:4      | Noticed a scorpion
  1428 | D:4      | Reached skill level 1 in Short Blades
  1435 | D:4      | Reached XP level 4. HP: 13/27 MP: 0/7
  1441 | D:4      | Killed a scorpion
  1442 | D:4      | Reached skill level 4 in Stealth
  1442 | D:4      | Reached skill level 1 in Shapeshifting
  1442 | D:4      | Reached XP level 5. HP: 13/31 MP: 0/8
  1482 | D:3      | Noticed Grinder
  1539 | D:3      | Learned a level 3 spell: Stone Arrow
  1544 | D:3      | Killed Grinder
  1545 | D:3      | Reached XP level 6. HP: 37/37 MP: 2/10
  1980 | D:3      | Noticed Natasha
  1988 | D:3      | Killed Natasha
  2066 | D:3      | Found a blossoming altar of Fedhas.
  2116 | D:3      | Found a runed translucent door.
  2117 | D:3      | Noticed Crazy Yiuf
  2123 | D:3      | Killed Crazy Yiuf
  2124 | D:3      | Reached skill level 5 in Stealth
  2833 | D:3      | Reached XP level 7. HP: 42/42 MP: 3/11
  2993 | D:3      | Noticed Natasha
  2998 | D:3      | Killed Natasha
  3191 | D:4      | Found a transporter.
  3193 | D:4      | Noticed MacCMillion's ghost (amateur OpSh)
  3373 | D:4      | Found a transporter.
  3385 | D:4      | Killed from afar by a white imp

Illustrated notes

Levels and vault maps discovered:
D:1:      dpeg_arrival_ratfight, layout_loops_ring,
          hellmonk_ecumenical_altar_heavens_door
D:2:      layout_loops_ring, serial_shops, nicolae_shop_statue_plus
D:3:      layout_basic, mainiacjoe_overflow_brackets, uniq_crazy_yiuf_cottage,
          uniq_natasha, uniq_grinder
D:4:      layout_rooms, nicolae_sif_muna_little_library, xom_butterflies,
          gammafunk_ghost_arena

Skill      XL: |  1  2  3  4  5  6  7 |
---------------+----------------------+-----
Stealth        | 3 4 5 |  5.0
Short Blades   | 1 2 |  2.2
Conjurations   | 2 3 |  3.3
Shapeshifting  | 1 2 |  2.3
Spellcasting   | 3 |  3.3
Fire Magic     | 4 |  4.0
Fighting       | |  0.6
Dodging        | |  2.1
Shields        | |  0.1
Hexes          | |  0.1

Action                     |  1- 3 |  4- 6 |  7- 9 || total
---------------------------+-------+-------+-------++-------
  Melee: Unarmed           |     5 |       |       ||     5
         Tentacles         |     7 |     6 |     2 ||    15
         Constrict         |     7 |     3 |     3 ||    13
         Short sword       |    27 |    26 |     5 ||    58
         Punch             |     1 |       |       ||     1
   Cast: Foxfire           |    39 |    25 |    11 ||    75
         Scorch            |     1 |     1 |    11 ||    13
         Inner Flame       |       |     2 |     1 ||     3
    Use: Potion            |     1 |       |       ||     1
   Stab: Sleeping          |     5 |     7 |       ||    12
 Armour: Skin              |     1 |     1 |       ||     2
  Dodge: Dodged            |    11 |     5 |     2 ||    18
  Block: Other             |     4 |     4 |     4 ||    12

Table legend: (Time is in decaauts)
 A = Elapsed time spent in this place.
 B = Non-inter-level travel time spent in this place.
 C = Inter-level travel time spent in this place.
 D = Time resting spent in this place.
 E = Time spent auto-exploring this place.
 F = Levels seen in this place.
 G = Mean time per level.
                   A        B        C        D        E       F      G
               +--------+--------+--------+--------+--------+-----+--------+
         Total |   3361 |   3249 |    112 |    200 |   2088 |   4 |  840.2 |
       Dungeon |   3361 |   3249 |    112 |    200 |   2088 |   4 |  840.2 |
               +--------+--------+--------+--------+--------+-----+--------+

Top non-repeatable levels by time:
     D:3: 1202 daAuts
     D:1: 1053 daAuts
     D:2: 814 daAuts
     D:4: 290 daAuts
